 Dungeon Crawl Stone Soup version 0.29-a0-284-gf9362112df (webtiles) character file.

Game seed: 935211025170718318

253 ooooo the Conjurer (level 6, 0/36 HPs)
             Began as an Octopode Conjurer on Mar 29, 2022.
             Slain by an orc wizard
             ... wielding a +0 dagger
              (2 damage)
             ... on level 4 of the Dungeon.
             The game lasted 00:06:46 (4168 turns).

ooooo the Conjurer (Octopode Conjurer)              Turns: 4168, Time: 00:06:47

Health: 0/36       AC:  1    Str:  6    XL:     6   Next: 14%
Magic:  1/9        EV: 13    Int: 22    God:
Gold:   144        SH:  0    Dex: 11    Spells: 2/9 levels left

rFire   . . .      SeeInvis .   g - +0 spear (flame)
rCold   . . .      Faith    .   (no shield)
rNeg    . . .      Spirit   .   (helmet restricted)
rPois   .          Reflect  .   (no amulet)
rElec   .          Harm     .   (no ring)
rCorr   .          Rampage  .   (no ring)
Will    .....                   (no ring)
Stlth   +++.......              (no ring)
HPRegen 0.12/turn               (no ring)
MPRegen 0.11/turn               (no ring)
                                (no ring)
                                (no ring)

@: attractive
A: almost no armour, amphibious, 8 rings, camouflage 1, gelatinous body 1,
(nimble swimmer 1), tentacles
a: no special abilities


You were on level 4 of the Dungeon.
You visited 1 branch of the dungeon, and saw 4 of its levels.

You collected 144 gold pieces.

Inventory:

Hand Weapons
 b - a +0 dagger
 g - a +0 spear of flaming (weapon)
 k - a +0 vorpal trident
Missiles
 l - 2 throwing nets
Magical Staves
 n - a staff of air
Scrolls
 c - 2 scrolls of fog {unknown}
 d - a scroll of brand weapon {unknown}
 e - a scroll of identify
 i - 3 scrolls of blinking {unknown}
 m - a scroll of teleportation
 o - a scroll of silence {unknown}
Potions
 a - a potion of magic
 f - a potion of brilliance
 j - a potion of curing {unknown}
 p - a potion of cancellation {unknown}
 q - a potion of degeneration {unknown}


   Skills:
 - Level 2.0 Dodging
 - Level 2.6 Stealth
 - Level 2.0 Spellcasting
 + Level 6.5 Conjurations
 + Level 2.7 Hexes


You had 2 spell levels left.
You knew the following spells:

 Your Spells              Type           Power      Damage    Failure   Level
a - Searing Ray           Conj           60%        2d6       1%          2
b - Magic Dart            Conj           100%       1d8       1%          1
c - Fulminant Prism       Conj/Hex       11%        3d9       21%         4

Your spell library contained the following spells:

 Spells                   Type           Power      Damage    Failure   Level
 Beastly Appendage        Tmut           4%         N/A       14%         1
 Wereblood                Tmut           2%         N/A       21%         2
 Dazzling Flash           Conj/Hex       44%        N/A       6%          3
 Iskenderun's Mystic Bla  Conj/Tloc      16%        2d5       34%         4
 Spider Form              Tmut/Pois      2%         N/A       38%         3


Dungeon Overview and Level Annotations

Branches:
Dungeon (4/15)
 Temple: D:4-7

Altars:
Okawaru

Annotations:
D:2 1 runed translucent door, Crazy Yiuf


Innate Abilities, Weirdness & Mutations

You cannot wear most types of armour.
You are amphibious.
You can wear up to eight rings at the same time.
Your skin changes colour to match your surroundings (Stealth+).
Your rubbery body absorbs attacks. (AC +1, EV +1)
((You are camouflaged when in or above water. (Stealth+)))
You have tentacles for arms and can constrict up to eight enemies at once.


Message History

The gnoll attacks as you move away! The gnoll completely misses you.
The gnoll hits you from afar with a +0 halberd!
Casting: Searing Ray (safe; 1% risk of failure)
Confirm with . or Enter, or press ? or * to list all spells.
Aiming: Searing Ray (safe; 1% risk of failure)
Press: ? - help, Shift-Dir - straight line, f/p - gnoll
Aim: a gnoll, wielding a +0 halberd (heavily wounded, 82% to hit)
The searing ray misses the gnoll. (Press . to maintain the ray.)
The gnoll closely misses you.
Unknown command.
The searing ray misses the gnoll.
The gnoll hits you from afar with a +0 halberd.
The searing ray hits the gnoll.
You kill the gnoll!
The orc shouts!
You hear a shout! x2
You finish channelling your searing ray.
You are too injured to fight recklessly!
You are too injured to fight recklessly!
The orc wizard barely misses you.
You closely miss the orc wizard. Your grab misses the orc wizard.
You squeeze the orc wizard!
The orc wizard is heavily wounded.
The orc attacks as you move away! The orc hits you with a +0 dagger.
You closely miss the orc wizard. Your grab misses the orc wizard.
You squeeze the orc wizard.
The orc wizard is severely wounded.
The orc wizard misses you. x2; The gnoll closely misses you.
You barely miss the orc wizard. You grab the orc wizard.
You squeeze the orc wizard.
The orc wizard is almost dead.
You constrict the orc wizard, but do no damage.
The orc wizard hits you with a +0 dagger.
The gnoll hits you from afar with a +0 halberd!
* * * LOW HITPOINT WARNING * * *
It was a potion of attraction.
You feel attractive to monsters.
You constrict the orc wizard, but do no damage.
The orc wizard hits you with a +0 dagger.
You die...

#### #.. . #.# ... #@#
.....###o############
.....g)go...........#
.....###.#####......# ### #.#
##.....# #### #.# #.....# ...#
#.# #.....#
...#############.######.....#.#
.............................>#


You could see an orc wizard, a gnoll and an orc.

Vanquished Creatures
  An orc wizard (D:3)
  2 adders
  14 gnolls
  A worm (D:4)
  5 orcs
  2 ball pythons
  5 endoplasms
  2 giant cockroaches
  9 goblins
  9 hobgoblins
  2 quokkas
  7 bats
  A frilled lizard (D:1)
  4 kobolds
  5 rats
69 creatures vanquished.

Vanquished Creatures (others)
  8 plants (D:4)
8 creatures vanquished.

Grand Total: 77 creatures vanquished

Notes
Turn   | Place    | Note
-------+----------+-------------------------------------------
     0 | D:1      | ooooo the Octopode Conjurer began the quest for the Orb.
     0 | D:1      | Reached XP level 1. HP: 11/11 MP: 3/3
   259 | D:1      | Reached XP level 2. HP: 17/17 MP: 3/5
   634 | D:2      | Learned a level 2 spell: Searing Ray
  1136 | D:2      | Reached XP level 3. HP: 16/21 MP: 6/6
  1250 | D:2      | Reached skill level 5 in Conjurations
  1589 | D:2      | Identified the +2 leather armour of the Onion {rC+ rN+}
  1683 | D:2      | Reached XP level 4. HP: 27/27 MP: 0/7
  2212 | D:2      | Found a runed translucent door.
  2213 | D:2      | Noticed Crazy Yiuf
  2281 | D:2      | Learned a level 4 spell: Fulminant Prism
  2799 | D:3      | Reached skill level 6 in Conjurations
  2799 | D:3      | Reached skill level 1 in Hexes
  2799 | D:3      | Reached XP level 5. HP: 21/31 MP: 2/8
  2942 | D:3      | Found an iron altar of Okawaru.
  3160 | D:3      | Found a faded altar of an unknown god.
  3740 | D:3      | Reached XP level 6. HP: 21/36 MP: 9/9
  4168 | D:4      | Slain by an orc wizard

Illustrated notes

Levels and vault maps discovered:
D:1:      lightli_arrival_quake, layout_rooms
D:2:      layout_basic, grunt_ministairs_9, uniq_crazy_yiuf_cottage
D:3:      wander_river, layout_rooms, lemuel_tele_altar, basic_ecumenical_altar,
          ebering_dispersal_statue_hall
D:4:      layout_basic, minmay_temple_entry_gardened_gates

Skill      XL: |  1  2  3  4  5 |
---------------+----------------+-----
Conjurations   | 5 6 |  6.5
Hexes          | 1 2 |  2.7
Dodging        | |  2.0
Stealth        | |  2.6
Spellcasting   | |  2.0

Action                   |  1- 3 |  4- 6 || total
-------------------------+-------+-------++-------
Melee: Dagger            |    32 |    25 ||    57
       Tentacles         |     9 |    14 ||    23
       Constrict         |     8 |    10 ||    18
       Unarmed           |     4 |       ||     4
       Spear             |       |    49 ||    49
 Cast: Magic Dart        |    10 |     4 ||    14
       Searing Ray       |     5 |    13 ||    18
  Use: Scroll            |     4 |       ||     4
       Potion            |     2 |     1 ||     3
 Stab: Sleeping          |     6 |     6 ||    12
Armor: Skin              |    12 |    60 ||    72
Dodge: Dodged            |    21 |    44 ||    65

Table legend: (Time is in decaauts)
 A = Elapsed time spent in this place.
 B = Non-inter-level travel time spent in this place.
 C = Inter-level travel time spent in this place.
 D = Time resting spent in this place.
 E = Time spent auto-exploring this place.
 F = Levels seen in this place.
 G = Mean time per level.
                   A        B        C        D        E       F      G
               +--------+--------+--------+--------+--------+-----+--------+
         Total |   4174 |   4076 |     98 |    617 |   2916 |   4 | 1043.5 |
       Dungeon |   4174 |   4076 |     98 |    617 |   2916 |   4 | 1043.5 |
               +--------+--------+--------+--------+--------+-----+--------+

Top non-repeatable levels by time:
     D:2: 2013 daAuts
     D:3: 1128 daAuts
     D:1: 881 daAuts
     D:4: 150 daAuts
